 Dungeon Crawl Stone Soup version 0.29-a0-451-gfbfa42419e (webtiles) character file.

Game seed: 17323584809478242611

285 Ge0ff the Grave Robber (level 6, 0/29 HPs)
             Began as a Vine Stalker Necromancer on May 19, 2022.
             Slain by a wight
             ... wielding a +5 mace
              (7 damage)
             ... on level 5 of the Dungeon.
             The game lasted 00:08:52 (3907 turns).

Ge0ff the Grave Robber (Vine Stalker Necromancer)   Turns: 3907, Time: 00:08:52

Health: 0/29       AC:  5    Str: 14    XL:     6   Next: 29%
Magic:  0/11       EV: 12    Int: 20    God:
Gold:   79         SH:  0    Dex: 14    Spells: 7/11 levels left

rFire   + . .      SeeInvis .   a - +3 woodcutter's axe {vorpal}
rCold   . . .      Faith    .   (shield currently unavailable)
rNeg    . . .      Spirit   +   N - +1 robe {rF+}
rPois   .          Reflect  .   Y - +0 helmet
rElec   .          Harm     .   (no cloak)
rCorr   .          Rampage  .   (no gloves)
Will    +....                   R - +0 pair of boots
Stlth   ++........              I - amulet of magic regeneration
HPRegen 0.89/turn               J - ring of willpower {=R}
MPRegen 0.52/turn               F - ring "Daap" {Wiz Str+3 Int+3}

@: no status effects
A: fangs 2, regeneration 1, magic shield, antimagic bite, no potion heal 2
a: no special abilities


You were on level 5 of the Dungeon.
You visited 1 branch of the dungeon, and saw 5 of its levels.

You collected 189 gold pieces.
You spent 110 gold pieces at shops.

Inventory:

Hand Weapons
 a - the +3 woodcutter's axe (weapon) {vorpal}
   (You found it on level 4 of the Dungeon)

   It inflicts extra damage upon your enemies.
 A - a +0 dagger
Missiles
 M - 48 stones
Armour
 N - a +1 robe of fire resistance (worn)
 R - a +0 pair of boots (worn)
 Y - a +0 helmet (worn)
Magical Staves
 B - a staff of conjuration
Jewellery
 C - an amulet of faith
 F - the ring "Daap" (right hand) {Wiz Str+3 Int+3}
   (You bought it in a shop on level 2 of the Dungeon)

   [ring of wizardry]

   It improves your spell success rate.
   Str:       It affects your strength (+3).
   Int:       It affects your intelligence (+3).
 I - an amulet of magic regeneration (around neck)
 J - a ring of willpower (left hand) {=R}
 L - a ring of ice
Wands
 P - a wand of polymorph (8)
Scrolls
 Q - a scroll of blinking {unknown}
 S - 6 scrolls of identify {unknown}
 T - 2 scrolls of poison {unknown}
 U - 2 scrolls of noise {unknown}
 V - 2 scrolls of vulnerability
 W - a scroll of enchant weapon {unknown}
 X - a scroll of summoning {unknown}
 Z - a scroll of brand weapon {unknown}
Potions
 D - a potion of berserk rage {unknown}
 E - a potion of haste {unknown}
 G - a potion of heal wounds {unknown}
 H - a potion of curing {unknown}
 K - 2 potions of magic {!q}
 O - a potion of brilliance {unknown}


   Skills:
 + Level 0.8 Fighting
 - Level 1.5 Dodging
 - Level 2.4 Stealth
 - Level 3.0 Spellcasting
 - Level 7.0 Necromancy


You had 7 spell levels left.
You knew the following spells:

 Your Spells              Type           Power      Damage    Failure   Level
k - Necrotize             Necr           100%       1d9       1%          1
C - Vampiric Draining     Necr           31%        2d8       1%          3

Your spell library contained the following spells:

 Spells                   Type           Power      Damage    Failure   Level
 Animate Dead             Necr           31%        N/A       3%          4
 Agony                    Necr           31%        N/A       9%          5
 Ignite Poison            Fire/Tmut/Pois 3%         N/A       16%         3
 Mephitic Cloud           Conj/Pois/Air  3%         N/A       16%         3
 Freezing Cloud           Conj/Ice/Air   1%         6-21      80%         5


Dungeon Overview and Level Annotations

Branches:
Dungeon (4/15)
 Temple: D:4-7

Altars:
Ashenzari
Okawaru
Wu Jian

Shops:
D:2 *

Annotations:
D:1 27 Necro


Innate Abilities, Weirdness & Mutations

You have extremely sharp teeth.
Your natural rate of healing is unusually fast.
When hurt, damage is shared between your health and your magic reserves.
Your bite disrupts and absorbs the magic of your enemies.
Potions cannot restore your health.


Message History

The centaur moves out of view.
A wight comes into view. It is wielding a +0 long sword.
An adder comes into view.
The centaur shouts!
The centaur hits you but does no damage.
The centaur closely misses you. x2; The centaur barely misses you.
You barely miss the centaur. You bite the centaur. You drain its power.
The centaur is lightly wounded.
You hit the wight. The centaur hits you. The centaur kicks you.
The wight hits you with a +0 long sword!
You feel drained.
A wight comes into view. It is wielding a +5 mace.
Casting: Necrotize (safe; 1% risk of failure)
Confirm with . or Enter, or press ? or * to list all spells.
Aiming: Vampiric Draining (safe; 1% risk of failure)
Press: ? - help, Shift-Dir - straight line, f - centaur
Aim: a centaur (lightly wounded)
You draw life force from the centaur!
You feel life coursing into your body. The centaur hits you.
The centaur kicks you.
The wight hits you with a +0 long sword.
A wight comes into view. It is wielding a +0 dagger.
The centaur closely misses you. The centaur kicks you.
You hit the centaur. Your bite misses the centaur.
The centaur is severely wounded.
You hit the wight but do no damage. The centaur hits you.
The centaur barely misses you.
The wight hits you with a +0 long sword.
You hit the centaur.
The centaur is almost dead.
You closely miss the wight. The centaur hits you. The centaur kicks you.
* * * LOW HITPOINT WARNING * * *
A wight comes into view. It is wielding a +1 great sword.
The centaur barely misses you. The centaur kicks you.
* * * LOW HITPOINT WARNING * * *
You closely miss the centaur. You bite the centaur.
You kill the centaur!
You miss the adder. You slash the wight!
You destroy the wight!
The adder bites you but does no damage.
Your life force feels restored.
Training target 3.0 for Spellcasting reached!
Training target 7.0 for Necromancy reached!
Your Spellcasting skill increases to level 3!
Your Necromancy skill increases to level 7!
You need to enable at least one skill for training.
You have reached level 6!
You closely miss the adder. Your bite misses the adder.
You hit the wight but do no damage. The adder barely misses you.
The wight hits you with a +5 mace!
You die...

.############.#.
................
#######...........
.........#######..
#######..#######..#
...........@zz.z..#
...........)S.##.##
..#####........#
#........#
#........#
#..........
##########.. ..


You could see 3 wights and an adder.

Vanquished Creatures
  A centaur (D:5)
  A wight (D:5)
  An orc priest (D:4)
  An orc wizard (D:4)
  2 adders (D:2)
  4 worms
  3 dart slugs
  3 orcs
  6 bats
  5 endoplasms
  4 giant cockroaches
  4 goblins
  6 hobgoblins
  3 jackals (D:4)
  3 kobolds (D:1)
  A quokka (D:1)
  8 ball pythons
  5 frilled lizards
  3 rats
64 creatures vanquished.

Notes
Turn   | Place    | Note
-------+----------+-------------------------------------------
     0 | D:1      | Ge0ff the Vine Stalker Necromancer began the quest for the
                  | Orb.
     0 | D:1      | Reached XP level 1. HP: 9/9 MP: 4/4
   265 | D:1      | Reached XP level 2. HP: 13/13 MP: 4/6
   907 | D:1      | Reached XP level 3. HP: 16/16 MP: 3/7
   911 | D:1      | Learned a level 3 spell: Vampiric Draining
  1098 | D:2      | Found a faded altar of an unknown god.
  1132 | D:2      | Reached skill level 5 in Necromancy
  1753 | D:2      | Found Mueg's Assorted Antiques.
  1756 | D:2      | Gained mutation: Your natural rate of healing is unusually
                  | fast. [Vine Stalker growth]
  1756 | D:2      | Reached XP level 4. HP: 21/21 MP: 6/8
  2304 | D:3      | Found a broken altar of Ashenzari.
  2860 | D:2      | Bought a warped jade ring for 110 gold pieces
  2860 | D:2      | Identified the ring "Daap" {Wiz Str+3 Int+3} (You bought it
                  | in a shop on level 2 of the Dungeon)
  2896 | D:3      | Found an ornate altar of the Wu Jian Council.
  3568 | D:4      | Reached skill level 6 in Necromancy
  3568 | D:4      | Reached XP level 5. HP: 24/24 MP: 6/10
  3680 | D:4      | Found the +3 woodcutter's axe {vorpal}
  3887 | D:4      | Found an iron altar of Okawaru.
  3889 | D:4      | You fall into a shaft and drop 1 floor!
  3889 | D:5      | Entered Level 5 of the Dungeon
  3891 | D:5      | Noticed a centaur
  3906 | D:5      | Killed a centaur
  3907 | D:5      | Reached skill level 7 in Necromancy
  3907 | D:5      | Reached XP level 6. HP: 6/29 MP: 2/11
  3907 | D:5      | Slain by a wight

Illustrated notes

Levels and vault maps discovered:
D:1:      dpeg_arrival_windows_large_door, layout_loops_cross, serial_rivers,
          chequers_serial_rivers_small_a, chequers_serial_rivers_room_a,
          chequers_serial_rivers_room_a, chequers_serial_rivers_micro_c,
          minivault_23
D:2:      layout_basic, shapermc_ecumenical_altar_totnotflames, serial_shops,
          nicolae_shop_advertising_works [nicolae_subvault_shop_adworks],
          minmay_misc_feat_iff, solitary_fountain
D:3:      layout_loops_ring, nicolae_ashenzari_skybound,
          nicolae_wu_jian_wuxing_cycle, serial_co_window_serial,
          co_window_of_opportunity_a, co_window_corner_a,
          co_window_of_opportunity_a, co_window_paths_a, co_window_corner_a,
          co_window_corner_b, co_window_corner_b, co_window_broadway_a,
          co_window_unsneaky_path_c, co_window_4corner_a, glass_columns_b,
          glass_columns_b
D:4:      cheibrodos_pilgrimage, layout_basic, okawaru_ov_weapons_minmay
D:5:      layout_basic, mainiacjoe_overflow_boulevard, jmf_multi_god_temple2,
          minmay_temple_entry_statues_pillars, nicolae_ossuary_entry_plus,
          guppyfry_shop_venom, uniq_duvessa, uniq_crazy_yiuf_cottage, uniq_pikel

Skill      XL: |  1  2  3  4  5 |
---------------+----------------+-----
Necromancy     | 5 6 7 |  7.0
Spellcasting   | 3 |  3.0
Fighting       | |  0.8
Dodging        | |  1.5
Stealth        | |  2.4

Action                   |  1- 3 |  4- 6 || total
-------------------------+-------+-------++-------
Melee: Dagger            |     4 |       ||     4
       Bite              |     1 |     7 ||     8
       Battleaxe         |       |    24 ||    24
 Cast: Necrotize         |    69 |    54 ||   123
       Vampiric Draining |       |     2 ||     2
  Use: Scroll            |     1 |       ||     1
Armor: Robe              |     5 |    18 ||    23
Dodge: Dodged            |     7 |    22 ||    29

Table legend: (Time is in decaauts)
 A = Elapsed time spent in this place.
 B = Non-inter-level travel time spent in this place.
 C = Inter-level travel time spent in this place.
 D = Time resting spent in this place.
 E = Time spent auto-exploring this place.
 F = Levels seen in this place.
 G = Mean time per level.
                   A        B        C        D        E       F      G
               +--------+--------+--------+--------+--------+-----+--------+
         Total |   3909 |   3657 |    252 |     15 |   3100 |   5 |  781.8 |
       Dungeon |   3909 |   3657 |    252 |     15 |   3100 |   5 |  781.8 |
               +--------+--------+--------+--------+--------+-----+--------+

Top non-repeatable levels by time:
     D:2: 1229 daAuts
     D:3: 1173 daAuts
     D:1: 1086 daAuts
     D:4: 402 daAuts
     D:5: 17 daAuts
